 Dungeon Crawl Stone Soup version 0.28-a0-206-gc2c9e32840 (webtiles) character file.

Game seed: 1901575362941100741

153 avis the Insei (level 5, -6/35 HPs)
             Began as an Octopode Transmuter on Aug 20, 2021.
             Mangled by a water moccasin (7 damage)
             ... in a sewer.
             The game lasted 00:16:40 (3849 turns).

avis the Insei (Octopode Transmuter)                Turns: 3849, Time: 00:16:41

Health: -6/35      AC:  2    Str: 10    XL:     5   Next: 35%
Magic:  6/8        EV: 19    Int: 16    God:
Gold:   193        SH:  0    Dex: 17    Spells: 4/8 levels left

rFire   . . .      SeeInvis .     - Unarmed
rCold   . . .      Faith    .   (shield currently unavailable)
rNeg    . . .      Spirit   .   (helmet currently unavailable)
rPois   x          Reflect  .   (no amulet)
rElec   .          Harm     .   (no ring)
rCorr   .          Rampage  .   (no ring)
Will    .....                   (no ring)
Stlth   ++........              (no ring)
HPRegen 0.11/turn               (no ring)
MPRegen 0.11/turn               (no ring)
                                (no ring)
                                (no ring)

@: lethally poisoned (-6 -> -60), spider-form (expiring)
A: venomous fangs, almost no armour, (amphibious), 8 rings, tiny, (camouflage
1), (gelatinous body 1), (nimble swimmer 1), (tentacles)
a: End Transformation


You were in a sewer.
You were a venomous arachnid creature.
You visited 1 branch of the dungeon, and saw 4 of its levels.
You also visited: Sewer.

You collected 193 gold pieces.

Inventory:

Hand Weapons
 a - a +0 short sword
 b - a +0 dagger (melded)
 e - a +0 war axe
 l - a +0 falchion
Missiles
 f - 112 stones
 n - 16 arrows
Armour
 i - a +1 hat of willpower
Scrolls
 j - a scroll of immolation
Potions
 c - 2 potions of brilliance
 d - a potion of might


   Skills:
 * Level 2.6 Fighting
 - Level 2.0 Dodging
 - Level 2.0 Stealth
 - Level 4.0 Unarmed Combat
 - Level 2.0 Spellcasting
 - Level 3.0 Transmutations
 - Level 2.0 Poison Magic


You had 4 spell levels left.
You knew the following spells:

 Your Spells              Type           Power      Damage    Failure   Level
a - Beastly Appendage     Tmut           22%        N/A       17%         1
p - Spider Form           Tmut/Pois      4%         N/A       43%         3

Your spell library contained the following spells:

 Spells                   Type           Power      Damage    Failure   Level
 Wereblood                Tmut           11%        N/A       22%         2
 Ice Form                 Ice/Tmut       6%         N/A       88%         4


Dungeon Overview and Level Annotations

Branches:
Dungeon (4/15)              Sewer (1/1)
 Temple: D:4-7

Altars:
Okawaru
Wu Jian

Shops:
D:1 :   D:3 (


Innate Abilities, Weirdness & Mutations

You are a venomous arachnid creature.
You have poisonous fangs.
You are tiny and dextrous.
Your spellcasting is less reliable in this form.
Your armour is entirely melded.
You are incapable of wielding weapons or throwing items.
You cannot wear most types of armour.
((You are amphibious.))
You can wear up to eight rings at the same time.
((Your skin changes colour to match your surroundings (Stealth+).))
((Your rubbery body absorbs attacks. (AC +1, EV +1)))
((You are camouflaged near water. (Stealth+)))
((You have tentacles for arms and can constrict up to eight enemies at once.))


Message History

You are poisoned.
The water moccasin poisons you!
The water moccasin completely misses you.
You hit the water moccasin.
The water moccasin is lightly wounded.
You feel very sick. The water moccasin barely misses you.
You barely miss the water moccasin.
The water moccasin is lightly wounded.
You feel very sick. The water moccasin bites you!
* * * LOW HITPOINT WARNING * * *
You are more poisoned.
The water moccasin poisons you!
You feel much better.
You feel extremely sick. The water moccasin bites you.
You are more poisoned.
The water moccasin poisons you! The water moccasin barely misses you.
You hit the water moccasin.
The water moccasin is moderately wounded.
* * * LOW HITPOINT WARNING * * *
You feel extremely sick. The water moccasin barely misses you.
You feel much better.
Your transformation is almost over.
You feel extremely sick. The water moccasin barely misses you.
You bite the water moccasin!
The water moccasin is severely wounded.
You feel extremely sick. The water moccasin barely misses you.
The water moccasin bites you.
You are more poisoned.
The water moccasin poisons you!
You hit the water moccasin.
The water moccasin is poisoned.
The water moccasin is almost dead.
* * * LOW HITPOINT WARNING * * *
You feel extremely sick. The water moccasin bites you!
You die...

###### #.....#
......$
############.....$!
...........sS....$"
#######.####.....$!
#.# ......$ #.#
#.....# #.# ######
#.# #.# ##.##
##...##


You could see a water moccasin (very poisoned).

Vanquished Creatures
  Terence (D:2)
  4 gnolls
  4 adders
  An adder skeleton (D:2)
  A worm (D:3)
  A dart slug (D:2)
  5 ball pythons
  An endoplasm (D:2)
  A giant cockroach (D:1)
  2 goblins
  3 hobgoblins
  4 jackals (D:3)
  6 kobolds
  A quokka (D:1)
  10 bats
  3 frilled lizards
  2 rats
50 creatures vanquished.

Notes
Turn   | Place    | Note
-------+----------+-------------------------------------------
     0 | D:1      | avis the Octopode Transmuter began the quest for the Orb.
     0 | D:1      | Reached XP level 1. HP: 13/13 MP: 3/3
    35 | D:1      | Reached skill level 1 in Stealth
   172 | D:1      | Found Sunifuus's Book Boutique.
   509 | D:1      | Found a faded altar of an unknown god.
   546 | D:1      | Reached XP level 2. HP: 16/18 MP: 3/5
   842 | D:1      | Reached skill level 1 in Poison Magic
  1151 | D:2      | Reached XP level 3. HP: 20/24 MP: 4/6
  1630 | D:2      | Noticed Terence
  1696 | D:1      | Learned a level 3 spell: Spider Form
  1705 | D:2      | Killed Terence
  1706 | D:2      | Reached XP level 4. HP: 14/29 MP: 4/7
  2988 | D:3      | Reached XP level 5. HP: 18/34 MP: 3/8
  2992 | D:3      | Reached skill level 4 in Unarmed Combat
  3533 | D:3      | Found Besajeth's Antique Weapon Shop.
  3736 | D:4      | Identified a scroll of acquirement
  3736 | D:4      | Acquired a +0 hat of willpower
  3756 | D:4      | Found an iron altar of Okawaru.
  3757 | D:4      | Found an ornate altar of the Wu Jian Council.
  3793 | D:4      | Found a glowing drain.
  3804 | Sewer    | Entered a sewer
  3836 | Sewer    | Noticed a water moccasin
  3849 | Sewer    | HP: 1/35 [poisoned by a water moccasin]
  3849 | Sewer    | Mangled by a water moccasin

Illustrated notes

Levels and vault maps discovered:
D:1:      mrwooster_arrival_statue, layout_basic, ebering_ecumenical_altar_hall,
          serial_shops, shop, dk_noncrumbling_2
D:2:      layout_basic, guppyfry_early_lair_pool, uniq_terence
D:3:      layout_basic, serial_shops, shop, kennysheep_pointless_box,
          grunt_ministairs_14
D:4:      wander_river, layout_gridville, mainiacjoe_overflow_divided_tiny,
          portal_sewer_entry_a, grunt_tough_drop
Sewer:    sewer_big_baddie

Skill      XL: |  1  2  3  4  5 |
---------------+----------------+-----
Stealth        | 2 |  2.0
Fighting       | 2 |  2.6
Poison Magic   | 1 2 |  2.0
Transmutations | 3 |  3.0
Unarmed Combat | 4 |  4.0
Dodging        | |  2.0
Spellcasting   | |  2.0

Action                   |  1- 3 |  4- 6 || total
-------------------------+-------+-------++-------
Melee: Dagger            |    27 |    34 ||    61
       Unarmed           |    10 |    48 ||    58
       Kick              |     9 |     6 ||    15
       Constrict         |     6 |    11 ||    17
       Tentacles         |     5 |     3 ||     8
       Short sword       |     1 |       ||     1
       Punch             |       |     1 ||     1
 Cast: Beastly Appendage |    18 |     9 ||    27
       Spider Form       |     1 |    13 ||    14
  Use: Scroll            |     1 |     8 ||     9
       Potion            |       |     2 ||     2
 Stab: Sleeping          |     7 |     4 ||    11
Armor: Skin              |     1 |    12 ||    13
Dodge: Dodged            |    13 |    55 ||    68

Table legend: (Time is in decaauts)
 A = Elapsed time spent in this place.
 B = Non-inter-level travel time spent in this place.
 C = Inter-level travel time spent in this place.
 D = Time resting spent in this place.
 E = Time spent auto-exploring this place.
 F = Levels seen in this place.
 G = Mean time per level.
                   A        B        C        D        E       F      G
               +--------+--------+--------+--------+--------+-----+--------+
         Total |   3850 |   3507 |    343 |    894 |   1806 |   5 |  770.0 |
       Dungeon |   3806 |   3463 |    343 |    894 |   1806 |   4 |  951.5 |
         Sewer |     44 |     44 |      0 |      0 |      0 |   1 |   44.0 |
               +--------+--------+--------+--------+--------+-----+--------+

Top non-repeatable levels by time:
     D:2: 1511 daAuts
     D:1: 1278 daAuts
     D:3: 943 daAuts
     D:4: 72 daAuts
   Sewer: 44 daAuts
